 Dungeon Crawl Stone Soup version 0.24-a0-618-ge4662a2d14 (webtiles) character file.

Game seed: 3124463060711349051, levelgen mode: deterministic

118 Gynju the Magician (level 4, -5/24 HPs)
             Began as a Deep Elf Fire Elementalist on Sept 16, 2019.
             Killed from afar by an orc wizard (10 damage)
             ... with a puff of frost
             ... on level 3 of the Dungeon.
             The game lasted 00:05:06 (3452 turns).

Gynju the Magician (Deep Elf Fire Elementalist)     Turns: 3452, Time: 00:05:06

Health: -5/24      AC:  3    Str:  5    XL:     4   Next: 72%
Magic:  2/12       EV: 13    Int: 21    God:
Gold:   161        SH:  0    Dex: 15    Spells: 11/12 levels left

rFire    . . .     SeeInvis .   j - +0 spear
rCold    . . .     Gourm    .   (no shield)
rNeg     . . .     Faith    .   a - +0 robe
rPois    .         Spirit   .   (no helmet)
rElec    .         Reflect  .   g - +0 cloak
rCorr    .         Harm     .   (no gloves)
MR       .....                  (no boots)
Stlth    ++........             (no amulet)
HPRegen  0.08/turn              (no ring)
MPRegen  0.13/turn              (no ring)

@: very slightly contaminated
A: no striking features
a: no special abilities


You were on level 3 of the Dungeon.
You were not hungry.

You visited 1 branch of the dungeon, and saw 3 of its levels.

You collected 161 gold pieces.

Inventory:

Hand Weapons
 j - a +0 spear (weapon)
Missiles
 h - 172 stones (quivered)
Armour
 a - a +0 robe (worn)
 g - a +0 cloak (worn)
Jewellery
 b - a +4 ring of intelligence {unknown}
 p - a +2 ring of evasion {unknown}
Wands
 r - a wand of iceblast (8)
Scrolls
 d - a scroll of enchant armour {unknown}
 e - a scroll of magic mapping {unknown}
 f - 3 scrolls of remove curse {unknown}
 k - a scroll of immolation {unknown}
 l - 3 scrolls of teleportation {unknown}
 m - 4 scrolls of identify {unknown}
Potions
 i - a potion of curing {unknown}
 n - a potion of degeneration {unknown}
 q - a potion of agility {unknown}
 s - a potion of haste {unknown}
 t - a potion of berserk rage {unknown}
 u - a potion of ambrosia {unknown}
Comestibles
 c - 5 rations
 o - 2 chunks of flesh


   Skills:
 - Level 2.4 Dodging
 - Level 2.4 Stealth
 + Level 4.6 Spellcasting
 + Level 2.9 Conjurations
 + Level 4.4 Fire Magic


You had 11 spell levels left.
You knew the following spells:

 Your Spells              Type           Power        Failure   Level  Hunger
a - Flame Tongue          Conj/Fire      ###..        2%          1    None

Your spell library contained the following spells:

 Spells                   Type           Power        Failure   Level  Hunger
 Throw Flame              Conj/Fire      ###...       3%          2    #......
 Conjure Flame            Conj/Fire      ###.....     8%          3    ##.....
 Inner Flame              Hex/Fire       ##......     14%         3    ##.....
 Sticky Flame             Conj/Fire      ###.....     24%         4    ####...
 Fireball                 Conj/Fire      ###.......   56%         5    ######.


Dungeon Overview and Level Annotations

Branches:
Dungeon (3/15)

Altars:
Gozag
Hepliaklqana
Ru
Wu Jian

Annotations:
D:2 Robin


Message History

Confirm with . or Enter, or press ? or * to list all spells.
Aiming: Flame Tongue (safe; 2% risk of failure)
Press: ? - help, Shift-Dir - straight line, f/p - orc
Aim: an orc, wielding a +0 flail (moderately wounded)
The flame tongue hits the orc!
You kill the orc!
The orc wizard casts a spell at you. The magic dart hits you.
* * * LOW HITPOINT WARNING * * *
The orc closely misses you.
Casting: Flame Tongue (safe; 2% risk of failure)
Confirm with . or Enter, or press ? or * to list all spells.
Aiming: Flame Tongue (safe; 2% risk of failure)
Press: ? - help, Shift-Dir - straight line, f - orc wizard
Aim: an orc wizard, wielding a +0 dagger and wearing a +0 robe The flame tongue hits the orc wizard.
The orc wizard is moderately wounded.
The orc wizard casts a spell at you. The puff of frost hits you!
You die...

### ###.# ....#
############# ###.#
#......)o...#
..#.######.##...@o.#
............#.####.#
#.#.######..#.# )#
#.#.# #..#.# .#
#.#.# #..#.# o#
.##.# #..#.# o#
.##.# #..#.# o#
.##.# #..#.# #.#
###.######..# .#.


You could see an orc wizard and an orc.

Vanquished Creatures
  Ijyb (D:3)
  A shadow imp (D:3)
  4 dart slugs
  A leopard gecko (D:2)
  7 orcs
  A giant cockroach (D:2)
  12 goblins
  10 hobgoblins
  2 jackals (D:2)
  4 quokkas
  9 bats
  3 frilled lizards
  4 kobolds
  5 rats
64 creatures vanquished.

Notes
Turn   | Place    | Note
-------+----------+-------------------------------------------
     0 | D:1      | Gynju the Deep Elf Fire Elementalist began the quest for
                  | the Orb.
     0 | D:1      | Reached XP level 1. HP: 10/10 MP: 6/6
   350 | D:1      | Reached XP level 2. HP: 15/15 MP: 4/8
  1270 | D:2      | Found a hazy altar of Hepliaklqana.
  1370 | D:2      | Found a sacrificial altar of Ru.
  1375 | D:2      | Reached XP level 3. HP: 19/19 MP: 8/10
  2185 | D:3      | Noticed Ijyb
  2193 | D:2      | Noticed Robin
  2978 | D:3      | Killed Ijyb
  2978 | D:3      | Reached XP level 4. HP: 23/24 MP: 3/12
  3016 | D:3      | Found an ornate altar of the Wu Jian Council.
  3315 | D:3      | Found an opulent altar of Gozag.
  3452 | D:3      | Killed from afar by an orc wizard

Levels and vault maps discovered:
D:1:      minmay_arrival_cross, layout_loops_cross, minmay_misc_feat_iff,
          minmay_tetromino_i2
D:2:      layout_loops_ring, nicolae_overflow_hidden_temple,
          lemuel_crystal_altar, uniq_robin
D:3:      minmay_general_purpose_star, layout_basic, old_standard_altar,
          old_standard_altar, serial_curves, eino_curves_02, eino_curves_02,
          eino_curves_02, eino_curves_01,
          nicolae_gozag_cash_rules_everything_around_me, uniq_ijyb

Skill      XL: |  1  2  3 |
---------------+----------+-----
Conjurations   | 2 |  2.9
Spellcasting   | 4 |  4.6
Fire Magic     | 4 |  4.4
Dodging        | |  2.4
Stealth        | |  2.4

Action                   |  1- 3 |  4- 6 || total
-------------------------+-------+-------++-------
Melee: Spear             |     1 |     1 ||     2
Throw: Stone             |    24 |     6 ||    30
 Cast: Flame Tongue      |    89 |    27 ||   116
  Eat: Chunk             |     6 |     1 ||     7
Armor: Robe              |     9 |     3 ||    12
Dodge: Dodged            |    24 |    12 ||    36

Table legend:
 A = Non-vault XP
 B = Vault XP
 C = Vault XP percentage of total XP
 D = Non-vault monster count
 E = Vault monster count
 F = Vault count percentage of total count
                 A         B        C        D         E       F
            +---------+---------+-------+---------+---------+-------
      Total |     121 |      48 |  28.4 |      56 |       8 |  12.5
            +---------+---------+-------+---------+---------+-------
        D:1 |      26 |       2 |   7.1 |      15 |       1 |   6.2
        D:2 |      50 |       0 |   0.0 |      23 |       0 |   0.0
        D:3 |      45 |      46 |  50.5 |      18 |       7 |  28.0
            +---------+---------+-------+---------+---------+-------
